 Dungeon Crawl Stone Soup version 0.30-a0-176-gdd20fb75b6 (webtiles) character file.

Game seed: 3979696043900785406

116927 RepoMan the Spear-Bearer (level 16, -15/126 HPs)
             Began as a Mummy Gladiator on Oct 2, 2022.
             Was a Believer of Fedhas.
             Demolished by a tentacle (16 damage)
             ... attached to a kraken
             ... on level 1 of the Shoals.
             The game lasted 03:19:45 (26464 turns).

RepoMan the Spear-Bearer (Mummy Gladiator)         Turns: 26464, Time: 03:19:46

Health: -15/126    AC: 28    Str: 23    XL:     16   Next: 22%
Magic:  2/26       EV:  2    Int: 13    God:    Fedhas [**....]
Gold:   1557       SH: 30    Dex: 14    Spells: 15/15 levels left

rFire   . . .      SeeInvis .    M - +6 spear (flame)
rCold   + . .      Faith    +    v - +18 shield of the Gong {rElec rN+ Will+ EV-5}
rNeg    + + +      Spirit   .    z - +18 Lear's hauberk
rPois   ∞          Reflect  .    (helmet currently unavailable)
rElec   +          Harm     .    a - +1 cloak of the Monk {Int+4}
rCorr   .          Rampage  .    (gloves currently unavailable)
Will    ++++.                    (boots currently unavailable)
Stlth   ..........               (no amulet)
HPRegen 0.41/turn                t - ring of protection from fire
MPRegen 0.20/turn                K - ring of willpower

@: very slow
A: cold resistance 1, negative energy resistance 3, torment resistance 2, heat
vulnerability 1, in touch with death 2, no potions, faith
a: Renounce Religion, Wall of Briars


You were on level 1 of the Shoals.
You worshipped Fedhas.
Fedhas was pleased with you.
You visited 6 branches of the dungeon, and saw 25 of its levels.
You also visited: Sewer and Bailey.

You collected 3154 gold pieces.
You spent 1597 gold pieces at shops.

Inventory:

Hand Weapons
 i - a +0 hand axe of electrocution
 s - a +2 vorpal war axe
 G - a +0 trident of protection
 M - a +6 spear of flaming (weapon)
Missiles
 j - 10 boomerangs (quivered)
 k - a throwing net
 C - 42 poisoned darts
Armour
 a - the +1 cloak of the Monk (worn) {Int+4}
   (You bought it in a shop on level 2 of the Orcish Mines)

   Int:       It affects your intelligence (+4).
 d - a +1 plate armour of fire resistance
 e - a +1 pair of boots of stealth
 o - a +2 helmet
 q - the +3 scale mail of Lies {rN+ Dex+3}
   (You found it in a bailey)

   Dex:       It affects your dexterity (+3).
   rN:        It protects you from negative energy.
 r - the +1 chain mail of Immorality {rElec}
   (You took it off a gnoll on level 5 of the Dungeon)

   rElec:     It insulates you from electricity.
 v - the +18 shield of the Gong (worn) {rElec rN+ Will+ EV-5}
   (You found it on level 7 of the Dungeon)

   It is deafeningly noisy when blocking attacks.
   EV:        It affects your evasion (-5).
   rElec:     It insulates you from electricity.
   rN:        It protects you from negative energy.
   Will:      It increases your willpower.
 y - a +0 buckler of fire resistance
 z - the +18 Lear's hauberk (worn)
   (You found it on level 8 of the Dungeon)
 D - the +6 plate armour "Waujy" {-Cast +Inv Str+2 Dex+4}
   (You took it off a gnoll on level 9 of the Dungeon)

   Str:       It affects your strength (+2).
   Dex:       It affects your dexterity (+4).
   +Inv:      It lets you turn invisible.
   -Cast:     It prevents spellcasting.
 H - a +1 troll leather armour {Snorg}
 P - a +0 pair of gloves of strength
 Q - a +2 helmet
Jewellery
 g - a ring of fire
 t - a ring of protection from fire (left hand)
 I - a +6 ring of strength
 J - a ring of ice
 K - a ring of willpower (right hand)
 N - a ring of willpower
Wands
 m - a wand of acid (1)
 B - a wand of flame (43)
 E - a wand of polymorph (16)
 O - a wand of charming (1)
Scrolls
 b - 5 scrolls of enchant weapon
 c - 3 scrolls of teleportation
 f - 4 scrolls of enchant armour
 h - 4 scrolls of magic mapping
 l - 3 scrolls of noise
 n - 5 scrolls of amnesia
 p - a scroll of fog
 w - 2 scrolls of silence
 x - 3 scrolls of identify
 S - a scroll of immolation
Miscellaneous
 F - a phial of floods


   Skills:
 + Level 11.6 Fighting
 + Level 14.9 Polearms
 - Level 1.5 Throwing
 - Level 2.1 Armour
 - Level 2.4 Dodging
 * Level 13.1 Shields
 * Level 13.7 Invocations


You had 15 spell levels left.
You didn't know any spells.
Your spell library contained the following spells:

 Spells                   Type           Power      Damage    Failure   Level
 Sandblast                Erth           0%         2d4       99%         1
 Dazzling Flash           Conj/Hex       0%         N/A       100%        3
 Ignite Poison            Fire/Tmut/Pois 0%         N/A       100%        3
 Kindle Blastsparks       Fire/Tloc/Air  0%         2d10      100%        3
 Mephitic Cloud           Conj/Pois/Air  0%         N/A       100%        3
 Summon Guardian Golem    Hex/Summ       0%         N/A       100%        3
 Cause Fear               Hex            0%         N/A       100%        4
 Fulminant Prism          Conj/Hex       0%         3d6       100%        4
 Iskenderun's Mystic Bla  Conj/Tloc      0%         2d3       100%        4
 Agony                    Necr           0%         N/A       100%        5
 Freezing Cloud           Conj/Ice/Air   0%         6-21      100%        5
 Lee's Rapid Deconstruct  Erth           0%         3d5*      100%        5
 Silence                  Hex/Air        0%         N/A       100%        5
 Orb of Destruction       Conj           0%         9d5       100%        7
 Spellforged Servitor     Conj/Summ      0%         N/A       100%        7
 Dragon's Call            Summ           0%         N/A       100%        9
 Spider Form              Tmut/Pois      Unusable   N/A       N/A         3
 Statue Form              Tmut/Erth      Unusable   N/A       N/A         6
 Dragon Form              Tmut           Unusable   N/A       N/A         7

Dungeon Overview and Level Annotations

Branches:
Dungeon (15/15)            Temple (1/1) D:7            Lair (5/5) D:9
 Shoals (1/4) Lair:3       Spider (0/4) Lair:3        Slime (0/5) Lair:4
    Orc (2/2) D:11            Elf (1/3) Orc:2        Vaults (0/5) D:14
 Depths (0/4) D:15          Sewer (visited)          Bailey (visited)

Altars:
Ashenzari
Cheibriados
Fedhas
Hepliaklqana
Kikubaaqudgha
Nemelex Xobeh
Ru
Sif Muna
Trog
Vehumet
Wu Jian
Xom
Yredelemnul
Jiyva

Shops:
D:4 *   D:6 !   Orc:2 :*[*   Shoals:1 !

Portals:
Trove: D:11 (give +4 shadow dragon scales)

Annotations:
D:10 exclusion: downstairs
D:11 2 transporters, exclusion: ice statue, nj0rd12's ghost, journeyman GnSu
Temple 2 transporters


Innate Abilities, Weirdness & Mutations

You are immune to poison.
Your flesh is cold resistant. (rC+)
You are immune to negative energy. (rN+++)
You are immune to unholy pain and torment.
You are vulnerable to heat. (rF-)
You are strongly in touch with the powers of death.
You do not drink.
You have a special connection with the divine. (Faith)


Message History

You resist with almost no effort. The tentacle slaps your briar patch.
The kraken bites your briar patch!!
The merfolk avatar chants a haunting song.
You resist with almost no effort. You block the tentacle's attack.
BONNNG!
Unknown command.
You walk carefully through the plants.
Your surroundings suddenly seem different.
Splash!
A kraken comes into view.
Found a trident.
Unknown command.
A briar patch grows up from the ground. x8
You walk carefully through the plants.
A briar patch grows up from the ground. x4
Splash!
You fall into the shallow water.
Moving in this stuff is going to be slow.
Tentacles burst out of the water! 4 tentacles come into view.
A briar patch grows up from the ground. x5; The tentacle slaps you.
* * * LOW HITPOINT WARNING * * *
The tentacle slaps the plant!!
The plant begins to die.
The tentacle is struck by your briar patch's thorns.
The tentacle slaps your briar patch.
Unknown command.
You walk carefully through the plants.
The tentacle slaps your briar patch.
The tentacle slaps the plant!
The tentacle is struck by your briar patch's thorns.
The tentacle slaps your briar patch!!
The tentacle is struck by your briar patch's thorns.
The tentacle slaps your briar patch! You block the tentacle's attack.
GONNNNG!
You block the tentacle's attack.
BOUMMMMG!
The tentacle slaps you.
* * * LOW HITPOINT WARNING * * *
The tentacle slaps you!
You die...
Fedhas appreciates your contribution to the ecosystem.

#≈..~~~~~## #≈..~~~P..#...
#≈.~~~~~~..~^ ...
≈≈~~~~~~~~~.# .....
≈≈~~~~~~PPP..# #.....
...~~~~≈≈~PPΛP##......
~~≈≈≈~~~~───...... ~.....~~
~≈≈≈≈≈wPP~w─\~~~≈.
......[~~~≈≈≈≈≈~@~P..\│≈≈≈~
.......~~~≈≈≈≈≈wPPPPP~X≈≈≈≈
.......~~~≈≈≈≈≈≈~~PPP~≈≈≈≈≈
.......~~≈≈≈≈≈≈~~~PPP~≈≈≈≈≈
.......~~≈≈≈≈≈≈~~~PPP~~≈≈≈≈
~.....~~~≈≈≈≈≈≈~~~~~~~~≈≈≈≈
~~~~~~~~~≈≈≈≈≈≈~~~~~~~≈≈≈≈≈
~~~~~~~~~≈≈≈≈≈≈~~~~~~~≈≈≈≈≈
~~~~~~~~≈ ≈≈≈≈≈~~~~~~≈≈≈≈≈


You could see a kraken and 3 tentacles.

Vanquished Creatures
  An orc warlord (Orc:1)
  A stone giant (D:15)
  A dire elephant (Lair:5)
  Snorg (Lair:4)
  5 merfolk impalers (Shoals:1)
  A fire dragon (Lair:5)
  2 merfolk javelineers (Shoals:1)
  3 hydras
  2 ogre magi (D:15)
  Erolcha (D:13)
  4 centaur warriors
  3 tengu warriors
  A death knight (D:14)
  3 merfolk aquamancers (Shoals:1)
  A dancing weapon (Elf:1)
  5 boulder beetles
  11 two-headed ogres
  3 orc high priests (Orc:2)
  5 skeletal warriors
  3 sea snakes (Shoals:1)
  A swamp dragon (Lair:5)
  A deep elf archer (D:14)
  7 deep elf pyromancers
  5 orc knights
  2 deep elf zephyrmancers
  A wizard (D:15)
  A wolf spider (Lair:3)
  A harpy (Shoals:1)
  8 ugly things
  6 orc sorcerers
  11 fauns (Shoals:1)
  A salamander (shapeshifter) (D:15)
  6 cyclopes
  4 manticores
  A vault sentinel (D:7)
  7 black mambas
  A water nymph (Shoals:1)
  2 merfolk sirens (Lair:3)
  3 gargoyles
  13 cane toads
  A torpor snail (Lair:5)
  4 centaur skeletons (D:14)
  8 komodo dragons
  2 kobold demonologists
  4 rime drakes
  3 yaktaurs (D:14)
  A queen bee (Lair:2)
  9 polar bears (Lair:5)
  16 merfolk (Shoals:1)
  3 raiju (Lair:5)
  A troll (D:13)
  Grinder (D:6)
  8 blink frogs
  2 snapping turtles (Shoals:1)
  3 dream sheep (Shoals:1)
  4 slime creatures (D:14)
  A shadow (D:11)
  A jumping spider (Lair:3)
  A water elemental (Shoals:1)
  8 wyverns
  A human (D:4)
  A spriggan (D:13)
  7 wraiths
  44 yaks
  6 basilisks
  10 vampire mosquitoes
  3 steam dragons
  A redback (Lair:3)
  7 wargs
  4 acid dragons
  14 water moccasins
  28 orc warriors
  13 hell hounds (Lair:5)
  3 swamp drakes (Lair:5)
  A sky beast (D:7)
  Pargi (Sewer)
  11 ogres
  12 black bears
  49 wolves
  A boggart (D:14)
  9 centaurs
  6 phantoms
  5 kobold brigands
  3 gnoll sergeants
  8 bullfrogs
  A scorpion (D:5)
  A necrophage (D:7)
  A water moccasin zombie (D:5)
  5 wights (D:8)
  30 killer bees
  2 howler monkeys
  3 electric eels
  8 vampire bats (Bailey)
  6 wolf zombies (Bailey)
  6 hounds
  3 jellies
  15 orc priests
  2 gnoll boudas
  4 iguanas
  A scorpion zombie (D:5)
  27 orc wizards
  A hound zombie (D:5)
  20 gnolls
  16 adders
  3 shadow imps (D:8)
  A white imp (D:5)
  2 ufetubi
  An adder zombie (D:5)
  93 orcs
  9 endoplasms
  6 giant cockroaches
  13 goblins
  4 hobgoblins (D:2)
  5 jackals
  22 kobolds
  3 quokkas
  10 ball pythons
  5 bats
  11 frilled lizards
  A goblin zombie (D:4)
  21 orc zombies (Bailey)
  3 rats
  A spectral orc (D:11)
  4 ballistomycete spores
  2 butterflies
  A tentacle (Shoals:1)
841 creatures vanquished.

Vanquished Creatures (collateral kills)
  Josephine (Orc:2)
  A merfolk javelineer (Shoals:1)
  Harold (D:9)
  3 harpies (Shoals:1)
  A manticore (Shoals:1)
  A vault sentinel (D:7)
  A water elemental (Shoals:1)
  A wraith (Orc:2)
  2 vampire mosquitoes (D:11)
  2 wargs (D:11)
  An acid dragon (D:6)
  A hell hound (Lair:5)
  A water moccasin (Lair:4)
  2 orc warriors
  2 killer bees
  A howler monkey (D:9)
  A jelly (D:7)
  A quasit (D:8)
  An orc priest (Orc:1)
  6 orc wizards
  10 orcs
  A kobold (D:14)
  279 ballistomycete spores
321 creatures vanquished.

Vanquished Creatures (others)
  A rime drake (Lair:5)
  A dream sheep (Shoals:1)
  A centaur (D:7)
  2 orc wizards
  An orc (D:10)
  20 ballistomycete spores
  A bush (D:9)
  A demonic plant (D:8)
  63 fungi
  151 plants
  15 tentacles (Shoals:1)
257 creatures vanquished.

Grand Total: 1419 creatures vanquished

Notes
Turn   | Place    | Note
-------+----------+-------------------------------------------
     0 | D:1      | RepoMan the Mummy Gladiator began the quest for the Orb.
     0 | D:1      | Reached XP level 1. HP: 16/16 MP: 1/1
   314 | D:1      | Reached skill level 3 in Polearms
   314 | D:1      | Reached XP level 2. HP: 12/22 MP: 2/2
   955 | D:2      | Gained mutation: You are in touch with the powers of death.
                  | [Mummy growth]
   955 | D:2      | Reached XP level 3. HP: 25/27 MP: 3/3
  1561 | D:2      | Found a faded altar of an unknown god.
  1578 | D:2      | Reached skill level 4 in Polearms
  1585 | D:2      | Reached XP level 4. HP: 32/33 MP: 4/4
  2292 | D:3      | Noticed an ogre
  2299 | D:3      | Killed an ogre
  2300 | D:3      | Reached skill level 5 in Polearms
  2300 | D:3      | Reached XP level 5. HP: 38/38 MP: 5/5
  2439 | D:3      | Noticed a phantom
  2455 | D:3      | Killed a phantom
  2722 | D:3      | Reached XP level 6. HP: 43/44 MP: 6/6
  3109 | D:4      | Found Sateom Gycsa's General Store.
  3210 | D:4      | Reached skill level 6 in Polearms
  3307 | D:4      | Found a runed translucent door.
  3307 | D:4      | Noticed a human
  3308 | D:4      | Found a basalt altar of Yredelemnul.
  3493 | D:5      | Entered Level 5 of the Dungeon
  3643 | D:5      | Reached XP level 7. HP: 41/50 MP: 7/7
  3684 | D:5      | Reached skill level 7 in Polearms
  3858 | D:5      | Found a shimmering altar of Xom.
  3861 | D:5      | Found an ornate altar of the Wu Jian Council.
  3862 | D:5      | Found an ancient bone altar of Kikubaaqudgha.
  3905 | D:5      | Found a radiant altar of Vehumet.
  3954 | D:5      | Reached skill level 8 in Polearms
  3979 | D:5      | Found a glowing drain.
  3989 | Sewer    | Entered a sewer
  4100 | Sewer    | Noticed Pargi
  4120 | Sewer    | Killed Pargi
  4121 | Sewer    | Reached XP level 8. HP: 44/56 MP: 8/8
  4266 | D:5      | Identified the +1 chain mail of Immorality {rElec}
  4486 | D:5      | Found a sparkling altar of Nemelex Xobeh.
  4816 | D:6      | Noticed Grinder
  4927 | D:6      | Reached skill level 9 in Polearms
  5077 | D:6      | Found a sacrificial altar of Ru.
  5115 | D:6      | Found a runed translucent door.
  5380 | D:6      | Reached skill level 10 in Polearms
  5604 | D:6      | Found Toffyumi's Distillery.
  5738 | D:6      | Reached XP level 9. HP: 44/61 MP: 9/9
  5746 | D:6      | Noticed a boulder beetle
  5881 | D:7      | Found a blossoming altar of Fedhas.
  5887 | D:7      | Became a worshipper of Fedhas Madash
  5955 | D:7      | Found a staircase to the Ecumenical Temple.
  6254 | D:7      | Found a flagged portal.
  6260 | Bailey   | Entered a bailey
  6373 | Bailey   | Reached * piety under Fedhas
  6492 | Bailey   | Noticed a gargoyle
  6502 | Bailey   | Killed a gargoyle
  6503 | Bailey   | Reached skill level 11 in Polearms
  6822 | Bailey   | Reached skill level 1 in Armour
  6917 | Bailey   | Reached ** piety under Fedhas
  6933 | Bailey   | Got Sif Muna's Compendium of the Remoulded Quarry
  6934 | Bailey   | Identified the +3 scale mail of Lies {rN+ Dex+3}
  7390 | Temple   | Entered the Ecumenical Temple
  7390 | Temple   | Found a transporter.
  7390 | Temple   | Found a transporter.
  7737 | D:7      | Noticed a vault sentinel
  7737 | D:7      | Noticed a vault sentinel
  7774 | D:7      | Killed a vault sentinel
  7779 | D:7      | Killed a vault sentinel
  7780 | D:7      | Reached skill level 12 in Polearms
  7780 | D:7      | Reached XP level 10. HP: 70/70 MP: 7/10
  7812 | D:7      | Found the +18 shield of the Gong {rElec rN+ Will+ EV-5}
  8146 | D:8      | Reached skill level 1 in Shields
  8189 | D:8      | Reached skill level 1 in Invocations
  8677 | D:8      | Noticed a tengu warrior
  8709 | D:8      | Killed a tengu warrior
  8779 | D:8      | Found the +18 Lear's hauberk
  8987 | D:8      | Identified the +4 long sword "Beastslayer" {holy, Drain
                  | rElec rN+ Dex+2}
  9358 | D:9      | Noticed Harold
  9362 | D:9      | Reached *** piety under Fedhas
  9391 | D:9      | Reached skill level 5 in Fighting
  9498 | D:9      | Identified the +6 plate armour "Waujy" {-Cast +Inv Str+2
                  | Dex+4}
  9752 | D:9      | Found a staircase to the Lair.
  9769 | D:9      | Reached XP level 11. HP: 77/80 MP: 13/13
  9862 | D:9      | Killed Harold
  9863 | D:9      | Reached skill level 5 in Shields
 10397 | D:10     | Entered Level 10 of the Dungeon
 10682 | D:10     | Reached **** piety under Fedhas
 11085 | D:10     | Reached skill level 5 in Invocations
 11641 | D:6      | Killed a boulder beetle
 11850 | D:6      | Killed Grinder
 12173 | D:4      | Bought a phial of floods for 440 gold pieces
 12175 | D:4      | Bought a +0 trident of protection for 68 gold pieces
 12269 | Lair:1   | Entered Level 1 of the Lair of Beasts
 12383 | Lair:1   | Reached ***** piety under Fedhas
 12763 | Lair:1   | Reached XP level 12. HP: 86/89 MP: 16/16
 13625 | Lair:2   | Found a hazy altar of Hepliaklqana.
 13796 | Lair:2   | Reached skill level 13 in Polearms
 14768 | Lair:3   | Found a staircase to the Shoals.
 14908 | Lair:3   | Found a hole to the Spider Nest.
 15199 | Lair:4   | Noticed a boulder beetle
 15216 | Lair:4   | Killed a boulder beetle
 15332 | Lair:4   | Noticed Snorg
 15351 | Lair:4   | Killed Snorg
 15888 | Lair:4   | Found a runed translucent door.
 15889 | Lair:4   | Found a viscous altar of Jiyva.
 15893 | Lair:4   | Found a staircase to the Slime Pits.
 16283 | Lair:5   | Entered Level 5 of the Lair of Beasts
 16354 | Lair:5   | Gained mutation: You are strongly in touch with the powers
                  | of death. [Mummy growth]
 16354 | Lair:5   | Reached XP level 13. HP: 98/98 MP: 12/19
 16514 | Lair:5   | Reached ****** piety under Fedhas
 17086 | Lair:5   | Noticed a dire elephant
 17103 | Lair:5   | Killed a dire elephant
 17356 | Lair:5   | Reached skill level 10 in Invocations
 17784 | Lair:5   | Reached skill level 10 in Shields
 18451 | Lair:5   | Noticed a fire dragon
 18463 | Lair:5   | Reached XP level 14. HP: 91/108 MP: 14/21
 18937 | D:11     | Found a transporter.
 18937 | D:11     | Noticed nj0rd12's ghost (journeyman GnSu)
 18977 | D:11     | Found a transporter.
 19034 | D:11     | Found a portal to a secret trove of treasure.
 19259 | D:11     | Found a basalt altar of Yredelemnul.
 19304 | D:11     | Found a staircase to the Orcish Mines.
 19515 | Orc:1    | Entered Level 1 of the Orcish Mines
 19653 | Orc:2    | Entered Level 2 of the Orcish Mines
 19687 | Orc:2    | Noticed Josephine
 19705 | Orc:2    | Killed Josephine
 19833 | Orc:2    | Found a shimmering blue altar of Sif Muna.
 19923 | Orc:2    | Found a staircase to the Elven Halls.
 20275 | Orc:2    | Reached skill level 14 in Polearms
 20396 | Orc:2    | Found Diczou Qanen's Book Boutique.
 20403 | Orc:2    | Found Xadiecib's Antique Armour Emporium.
 20404 | Orc:2    | Found Muurph's Assorted Antiques.
 20405 | Orc:2    | Found Qouwnih's Assorted Antiques.
 20439 | Orc:2    | Bought a scroll of noise for 26 gold pieces
 20439 | Orc:2    | Bought a scroll of teleportation for 78 gold pieces
 20444 | Orc:2    | Bought a glass ring for 130 gold pieces
 20453 | Orc:2    | Bought a pair of embroidered gloves for 285 gold pieces
 20453 | Orc:2    | Bought a glowing helmet for 285 gold pieces
 20457 | Orc:2    | Bought a dazzling cloak for 285 gold pieces
 20457 | Orc:2    | Identified the +1 cloak of the Monk {Int+4} (You bought it
                  | in a shop on level 2 of the Orcish Mines)
 21055 | D:12     | Reached skill level 10 in Fighting
 21776 | D:13     | Noticed Erolcha
 21786 | D:13     | Killed Erolcha
 22035 | D:13     | You fall into a shaft and drop 2 floors!
 22035 | D:15     | Entered Level 15 of the Dungeon
 23031 | D:14     | Reached XP level 15. HP: 116/117 MP: 16/24
 23348 | D:14     | Found a gate to the Vaults.
 24232 | D:15     | Found a staircase to the Depths.
 24592 | D:15     | Identified the +9 short sword "Arcanum" {venom, Will-
                  | Int+7}
 24961 | Elf:1    | Entered Level 1 of the Elven Halls
 25063 | Elf:1    | Paralysed by an air elemental for 1 turns
 26002 | Shoals:1 | Entered Level 1 of the Shoals
 26049 | Shoals:1 | Noticed a kraken
 26050 | Shoals:1 | Found Teef's Distillery.
 26059 | Shoals:1 | Identified the +0 pair of gloves "Niabb" {Str-3 Int+4
                  | Dex+2}
 26223 | Shoals:1 | Reached XP level 16. HP: 48/126 MP: 7/26
 26248 | Shoals:1 | Identified the +5 spear of a wizard's laboratory {elec,
                  | rElec rCorr Dex-5}
 26446 | Shoals:1 | HP: 4/126 [something/ball of steam (29)]
 26452 | Shoals:1 | HP: 2/126 [tentacle[a kraken] (5)]
 26457 | Shoals:1 | Noticed a kraken
 26463 | Shoals:1 | HP: 3/126 [tentacle[a kraken] (6)]
 26464 | Shoals:1 | HP: 1/126 [tentacle[a kraken] (3)]
 26464 | Shoals:1 | Demolished by a tentacle

Illustrated notes

Levels and vault maps discovered:
D:1:      dpeg_arrival_yet_another_circle, layout_loops_ring,
          corexii_corridor_pit, kennysheep_doodads
D:2:      layout_basic, nicolae_ecumenical_snake_handling
D:3:      layout_basic
D:4:      layout_layer_cave, dk_yredelemnul_ordeal, serial_shops, shop
D:5:      layout_rooms, fiery_altar_vehumet, nemelex_spade_bored_becter,
          gammafunk_temple_overflow_forgotten, serial_undead, serial_undead_d,
          serial_undead_e, serial_undead_d, serial_undead_f,
          portal_sewer_entry_e
D:6:      minmay_cornered_nines, layout_loops_ring,
          chequers_temple_overflow_statue_of_worship, minmay_shop_grid_forest,
          lightli_church_of_beogh, uniq_grinder
D:7:      layout_basic, fedhas_altar_4, temple_pool_b, enter_bailey_3,
          hellmonk_guarded_unrand_gong
D:8:      layout_gridville, serial_demonic, serial_demonic_d, serial_demonic_b,
          serial_demonic_e, serial_demonic_g, hellmonk_guarded_unrand_lears
D:9:      layout_loops_ring, minmay_lair_entry_grove, uniq_harold
D:10:     minmay_goldmine, layout_rooms
D:11:     layout_gridville, minmay_orc_entry_guard_dogs, nzn_ghost_randoct,
          enter_trove_2, yredelemnul_forgotten_temple_becter
D:12:     layout_loops_corners
D:13:     layout_roguey, the_hattery, uniq_erolcha
D:14:     layout_small_grid, hangedman_vaults_entry_quadrant_bands
D:15:     grunt_enter_depths_snipers, layout_loops_ring,
          hellmonk_bongcloud_opening
Temple:   hellmonk_temple_divided_pantheon
Lair:1:   minmay_lair_venomous_thicket, layout_loops_ring,
          infiniplex_staircase_pool_2
Lair:2:   layout_misc_corridors, special_room [special_room_bee], basic_altar
Lair:3:   layout_roguey, elwin_shoals_entry_rooms, spider_nest_entry_funnel_web,
          serial_bayou_shore_b
Lair:4:   layout_hall_layers, slime_entry_2, grunt_megastairs_4,
          lemuel_fruit_fields, serial_bayou_shore_b, uniq_snorg
Lair:5:   guppyfry_lair_end_dragon, layout_regular_city,
          hangedman_lair_caniforms_friends, grunt_forest_large_clearings,
          infiniplex_staircase_pool, lemuel_fruit_fields
Shoals:1: nicolae_shoals_lighthouse, layout_shoals, serial_shops,
          nicolae_shop_temple_entry_statues_fountains, nicolae_shoals_mertower
Orc:1:    layout_diamond_mine
Orc:2:    st_orc_elflike, layout_caves, kennysheep_orc_sif_temple,
          uniq_josephine
Elf:1:    nicolae_elf_arrival_fired_up, layout_onion_city, serial_shops,
          nicolae_lakefront_shop, shop, shop, minmay_elf_sorcery

Skill      XL: |  1  2  3  4  5  6  7  8  9 10 11 12 13 14 15 16 |
---------------+-------------------------------------------------+-----
Polearms       | 3 4 5 6 8 10 12 13 14 | 14.9
Armour         | 2 |  2.1
Fighting       | 3 5 6 8 9 10 11 | 11.6
Shields        | 4 6 8 10 11 12 13 | 13.1
Invocations    | 3 6 8 10 12 13 | 13.7
Throwing       | |  1.5
Dodging        | |  2.4

Action                   |  1- 3 |  4- 6 |  7- 9 | 10-12 | 13-15 | 16-18 || total
-------------------------+-------+-------+-------+-------+-------+-------++-------
Melee: Trident           |   122 |   189 |   518 |  1552 |   532 |       ||  2913
       Hand axe          |       |       |    74 |       |       |       ||    74
       Punch             |       |       |     3 |       |       |       ||     3
       Halberd           |       |       |    16 |       |       |       ||    16
       Spear             |       |       |       |       |  1147 |    14 ||  1161
Throw: Boomerang         |     3 |    34 |   108 |    59 |    30 |       ||   234
       Throwing net      |       |     2 |     9 |       |       |     3 ||    14
       Javelin           |       |     1 |       |       |       |       ||     1
       Dart              |       |       |       |    29 |     3 |       ||    32
Invok: Wall of Briars    |       |       |     4 |    14 |    51 |    13 ||    82
       Grow Ballistomyce |       |       |       |     4 |    34 |     2 ||    40
Evoke: Wand              |       |       |     9 |     9 |    32 |    11 ||    61
  Use: Scroll            |       |     4 |    16 |     3 |    19 |     4 ||    46
 Stab: Sleeping          |     3 |       |       |       |       |       ||     3
       Held in net/web   |       |     1 |     3 |       |       |     1 ||     5
       Confused          |       |       |       |     2 |    22 |     1 ||    25
Armor: Leather armour    |    27 |     9 |       |       |       |       ||    36
       Ring mail         |       |    60 |    53 |       |       |       ||   113
       Chain mail        |       |       |   162 |   267 |   417 |     9 ||   855
       Scale mail        |       |       |       |    39 |       |       ||    39
Dodge: Dodged            |    53 |    99 |   193 |    44 |    35 |     1 ||   425
Block: Kite shield       |       |       |       |  1527 |  1501 |    50 ||  3078

Table legend: (Time is in decaauts)
 A = Elapsed time spent in this place.
 B = Non-inter-level travel time spent in this place.
 C = Inter-level travel time spent in this place.
 D = Time resting spent in this place.
 E = Time spent auto-exploring this place.
 F = Levels seen in this place.
 G = Mean time per level.
                   A        B        C        D        E       F      G
               +--------+--------+--------+--------+--------+-----+--------+
         Total |  25818 |  24207 |   1611 |   3532 |   9135 |  27 |  956.2 |
       Dungeon |  16082 |  14969 |   1113 |   2058 |   5861 |  15 | 1072.1 |
        Temple |      1 |      1 |      0 |      0 |      0 |   1 |    1.0 |
          Lair |   6292 |   5927 |    365 |    610 |   2718 |   5 | 1258.4 |
        Shoals |    451 |    451 |      0 |    234 |      0 |   1 |  451.0 |
  Orcish Mines |   1843 |   1713 |    130 |    244 |    555 |   2 |  921.5 |
   Elven Halls |     82 |     82 |      0 |      0 |      0 |   1 |   82.0 |
         Sewer |    214 |    214 |      0 |     38 |      0 |   1 |  214.0 |
        Bailey |    849 |    849 |      0 |    348 |      0 |   1 |  849.0 |
               +--------+--------+--------+--------+--------+-----+--------+

Top non-repeatable levels by time:
  Lair:5: 1883 daAuts
     D:8: 1474 daAuts
     D:7: 1421 daAuts
  Lair:4: 1394 daAuts
     D:6: 1278 daAuts
   Orc:2: 1258 daAuts
     D:5: 1218 daAuts
     D:9: 1139 daAuts
  Lair:2: 1110 daAuts
     D:2: 1085 daAuts
    D:14: 1062 daAuts
    D:15: 1039 daAuts
     D:3: 1001 daAuts
    D:12: 987 daAuts
  Lair:1: 970 daAuts
